 Dungeon Crawl Stone Soup version 0.24.0-123-gd5b16e6ec5 (webtiles) character file.

Game seed: 3944697086372211043, levelgen mode: deterministic

716 Emblim88 the Stinger (level 7, -3/59 HPs)
             Began as a Troll Venom Mage on Jan 11, 2020.
             Was a Follower of Ru.
             Shot with an arrow by a centaur (9 damage)
             ... on level 6 of the Dungeon.
             The game lasted 00:07:55 (3578 turns).

Emblim88 the Stinger (Troll Venom Mage)             Turns: 3578, Time: 00:07:55

Health: -3/59      AC:  6    Str: 17    XL:     7   Next: 41%
Magic:  2/9        EV: 10    Int: 13    God:    Ru [*.....]
Gold:   140        SH:  0    Dex: 10    Spells: 1/11 levels left

rFire    + . .     SeeInvis .     - Unarmed
rCold    . . .     Gourm    +   (no shield)
rNeg     . . .     Faith    .   a - +0 robe
rPois    .         Spirit   .   (helmet restricted)
rElec    .         Reflect  .   n - scarf {cloud immunity}
rCorr    .         Harm     .   (gloves unavailable)
MR       .....                  (boots unavailable)
Stlth    +.........             (no amulet)
HPRegen  0.59/turn              (no ring)
MPRegen  0.11/turn              f - ring of protection from fire

@: no status effects
A: large, unfitting armour, claws 3, fast metabolism 3, gourmand, regeneration
1, shaggy fur 1, tough skin 3, inability to train armour
a: Renounce Religion


You were on level 6 of the Dungeon.
You worshipped Ru.
Ru was aware of your devotion.
You were very hungry.

You visited 1 branch of the dungeon, and saw 7 of its levels.

You collected 140 gold pieces.

Inventory:

Armour
 a - a +0 robe (worn)
 n - a scarf of cloud immunity (worn)
Magical Staves
 q - an uncursed staff of fire
Jewellery
 f - a ring of protection from fire (right claw)
Scrolls
 d - a scroll of remove curse
 g - a scroll of teleportation
 j - 2 scrolls of enchant armour
 k - a scroll of fear {unknown}
 l - a scroll of amnesia {unknown}
 m - 3 scrolls of identify
 p - a scroll of fog {unknown}
Potions
 b - a potion of mutation {unknown}
 e - a potion of haste {unknown}
 h - a potion of degeneration
 i - 2 potions of brilliance
 o - 2 potions of heal wounds
Comestibles
 c - 8 rations


   Skills:
 + Level 3.3 Dodging
 - Level 1.0 Stealth
 + Level 3.3 Unarmed Combat
 + Level 2.5 Spellcasting
 + Level 2.6 Conjurations
 + Level 3.5 Poison Magic


You had one spell level left.
You knew the following spells:

 Your Spells              Type           Power        Failure   Level  Hunger
a - Sting                 Conj/Pois      #...         7%          1    #......
b - Poisonous Vapours     Pois/Air       #.....       19%         2    ###....
c - Mephitic Cloud        Conj/Pois/Air  #.......     30%         3    ###....
d - Olgreb's Toxic Radia  Pois           ##......     50%         4    #####..

Your spell library contained the following spells:

 Spells                   Type           Power        Failure   Level  Hunger
 Venom Bolt               Conj/Pois      #.........   88%         5    ######.


Dungeon Overview and Level Annotations

Branches:
Dungeon (7/15)             Temple (0/1) D:4

Altars:
Ashenzari
Gozag
Makhleb
Nemelex Xobeh
Ru
Uskayaw
Vehumet
Xom
Yredelemnul
Zin
The Shining One

Shops:
D:7 *


Innate Abilities, Weirdness & Mutations

You are too large for most types of armour.
You have claws for hands.
Your metabolism is lightning-fast.
You like to eat raw meat.
Your natural rate of healing is unusually fast.
You are covered in fur. (AC +1)
You have extremely tough skin. (AC +3)
You cannot train Armour skill.


Message History

* * * LOW HITPOINT WARNING * * *
Casting: Poisonous Vapours (safe; 19% risk of failure)
Confirm with . or Enter, or press ? or * to list all spells.
Aiming: Poisonous Vapours (safe; 19% risk of failure)
Press: ? - help, Dir - move target cursor, f - centaur, p - centaur
Aim: a centaur, wielding a +0 shortbow Poisonous vapours surround the centaur!
The centaur shoots an arrow.
The arrow hits you.
* * * LOW HITPOINT WARNING * * *
The centaur is poisoned.
The centaur shoots an arrow.
The arrow hits you.
* * * LOW HITPOINT WARNING * * *
The centaur shoots an arrow.
The arrow misses you.
Casting: Poisonous Vapours (safe; 19% risk of failure)
Confirm with . or Enter, or press ? or * to list all spells.
You don't have enough magic to cast that spell.
Unknown command.
The centaur shoots an arrow.
The arrow hits you.
* * * LOW HITPOINT WARNING * * *
The centaur shoots an arrow.
The arrow hits you!
You die...

#############
.......>.(@.###..
######..(##..c5...
###.(...l....
######c.... .....
.... ... ###


You could see 2 centaurs, a shadow imp and a leopard gecko.

Vanquished Creatures
  A phantom (D:4)
  2 ogres (D:4)
  A wyvern skeleton (D:4)
  3 crimson imps (D:3)
  2 hounds
  An iguana (D:4)
  An orc wizard (D:4)
  3 worker ants (D:4)
  2 adders
  A worm (D:2)
  A dart slug (D:1)
  3 leopard geckos
  17 orcs
  5 bats
  3 giant cockroaches
  11 goblins
  9 hobgoblins
  7 jackals
  3 quokkas
  3 frilled lizards
  5 kobolds
  7 rats
91 creatures vanquished.

Notes
Turn   | Place    | Note
-------+----------+-------------------------------------------
     0 | D:1      | Emblim88 the Troll Venom Mage began the quest for the Orb.
     0 | D:1      | Reached XP level 1. HP: 16/16 MP: 1/1
    88 | D:1      | Reached XP level 2. HP: 12/24 MP: 3/3
   228 | D:1      | Reached skill level 1 in Conjurations
   624 | D:2      | Found a hide-covered altar of Uskayaw.
   624 | D:2      | Found a sacrificial altar of Ru.
   624 | D:2      | Found a radiant altar of Vehumet.
   624 | D:2      | Found a burning altar of Makhleb.
   668 | D:2      | Became a worshipper of Ru the Awakened
   756 | D:2      | Reached skill level 1 in Unarmed Combat
   756 | D:2      | Reached XP level 3. HP: 28/31 MP: 4/4
   795 | D:2      | Learned a level 2 spell: Poisonous Vapours
  1557 | D:3      | Reached XP level 4. HP: 39/39 MP: 5/5
  1564 | D:3      | Learned a level 3 spell: Mephitic Cloud
  2184 | D:3      | Found a shimmering altar of Xom.
  2225 | D:3      | Reached XP level 5. HP: 45/45 MP: 6/6
  2395 | D:4      | Gained mutation: You cannot train Armour skill. [Ru
                  | sacrifice]
  2395 | D:4      | Reached * piety under Ru
  2532 | D:4      | Reached XP level 6. HP: 5/53 MP: 6/8
  2618 | D:4      | Found a basalt altar of Yredelemnul.
  2619 | D:4      | Found a shattered altar of Ashenzari.
  2624 | D:4      | Found a sparkling altar of Nemelex Xobeh.
  2632 | D:4      | Found a glowing golden altar of the Shining One.
  2634 | D:4      | Found a glowing silver altar of Zin.
  2904 | D:4      | Reached XP level 7. HP: 59/59 MP: 2/9
  3200 | D:4      | Found a staircase to the Ecumenical Temple.
  3503 | D:4      | Learned a level 4 spell: Olgreb's Toxic Radiance
  3504 | D:5      | Entered Level 5 of the Dungeon
  3522 | D:5      | You fall into a shaft and drop 2 floors!
  3522 | D:7      | Found an opulent altar of Gozag.
  3527 | D:7      | Found Gozag's Platinum Reserve.
  3547 | D:7      | Noticed a two-headed ogre
  3578 | D:6      | Shot with an arrow by a centaur

Levels and vault maps discovered:
D:1:      minmay_arrival_diagonal_passages, layout_loops_ring, st_stairs_13,
          serial_park_tiny_2
D:2:      layout_basic, grunt_temple_overflow_open
D:3:      layout_basic, led_xom_imps, hex_large
D:4:      layout_basic, minitemple, minmay_temple_entry_butterflies
D:5:      layout_layer_cave, fedhas_altar_4, first_ration, minmay_pentangle,
          uniq_prince_ribbit1
D:6:      layout_rooms, serial_shops, nicolae_shop_behind_doors, shop
D:7:      layout_loops_ring, kennysheep_little_box,
          nicolae_overflow_hidden_temple, serial_shops, shop, shop,
          nicolae_shop_competitors_out_of_business, the_bakery,
          nicolae_gozag_zags_fifth_avenue

Skill      XL: |  1  2  3  4  5  6 |
---------------+-------------------+-----
Conjurations   | 1 2 |  2.6
Unarmed Combat | 1 2 3 |  3.3
Dodging        | 2 3 |  3.3
Spellcasting   | 2 |  2.5
Poison Magic   | 3 |  3.5
Stealth        | |  1.0

Action                   |  1- 3 |  4- 6 |  7- 9 || total
-------------------------+-------+-------+-------++-------
Melee: Unarmed           |   151 |   148 |    51 ||   350
       Punch             |     1 |     2 |       ||     3
 Cast: Poisonous Vapours |       |     9 |     7 ||    16
Invok: Sacrifice Durabil |       |     1 |       ||     1
  Use: Scroll            |     3 |     3 |       ||     6
       Potion            |       |     3 |       ||     3
 Stab: Sleeping          |       |     1 |       ||     1
  Eat: Chunk             |    12 |    16 |     2 ||    30
Armor: Robe              |    57 |    67 |     8 ||   132
Dodge: Dodged            |    98 |   100 |    19 ||   217
